 Dungeon Crawl Stone Soup version 0.28-a0-48-gfd831c5874 (webtiles) character file.

Game seed: 14097280229267318688

1911 Strat the Summoner (level 8, -3/49 HPs)
             Began as a Deep Elf Summoner on July 29, 2021.
             Was a Follower of Ashenzari.
             Killed from afar by a wretched star (26 damage)
             ... with a lance of force
             ... on level 3 of the Abyss.
             The game lasted 00:27:47 (10015 turns).

Strat the Summoner (Deep Elf Summoner)             Turns: 10015, Time: 00:27:47

Health: -3/49      AC:  8    Str:  5    XL:     8   Next: 95%
Magic:  27/27      EV: 15    Int: 23    God:    Ashenzari [*.....]
Gold:   351        SH:  0    Dex: 15    Spells: 5/18 levels left

rFire   . . .      SeeInvis .   b - +1 morningstar (protect)
rCold   . . .      Faith    .   (no shield)
rNeg    . . .      Spirit   .   c - +0 robe
rPois   .          Reflect  .   (no helmet)
rElec   .          Harm     .   (no cloak)
rCorr   .          Rampage  .   h - +0 pair of gloves
Will    .....                   o - +0 pair of boots
Stlth   ++........              (no amulet)
HPRegen 0.16/turn               r - ring of the Profound Suspicion {AC+4, Comp, Self} (curse)
MPRegen 0.20/turn               D - ring "Shackled Mistrust" {MP+9, Evo, Comp} (curse)

@: about to teleport
A: no striking features
a: Renounce Religion, Shatter the Chains


You were on level 3 of the Abyss.
You worshipped Ashenzari.
Ashenzari was aware of your devotion.
You visited 2 branches of the dungeon, and saw 9 of its levels.
You visited the Abyss 1 time.

You collected 351 gold pieces.

Inventory:

Hand Weapons
 a - a +1 dagger of draining
 b - a +1 morningstar of protection (weapon)
 y - a +3 whip of venom
Missiles
 g - 216 stones
Armour
 c - a +0 robe (worn)
 e - a +0 leather armour
 h - a +0 pair of gloves (worn)
 j - a +2 ring mail of cold resistance
 o - a +0 pair of boots (worn)
Jewellery
 r - the cursed ring of the Profound Suspicion (left hand) {AC+4, Comp, Self}
   (You found it on level 4 of the Dungeon)

   [ring of protection]

   AC:        It affects your AC (+4).
   It has a curse which improves the following skills: Companions: Summonings
   and Necromancy.
   Introspection: Fighting and Spellcasting.
 v - a ring of flight
 D - the cursed ring "Shackled Mistrust" (right hand) {MP+9, Evo, Comp}
   (You found it on level 6 of the Dungeon)

   [ring of magical power]

   MP:        It affects your magic capacity (+9).
   It has a curse which improves the following skills: Evocations: Evocations.
   Companions: Summonings and Necromancy.
Wands
 s - a wand of iceblast (29)
Scrolls
 k - a scroll of amnesia
 m - 3 scrolls of summoning
 n - 4 scrolls of noise
 q - a scroll of torment
 u - 4 scrolls of magic mapping
 w - 2 scrolls of enchant weapon
 B - 2 scrolls of fear
 C - 2 scrolls of fog
 E - a scroll of brand weapon
Potions
 d - 5 potions of lignification
 f - 2 potions of attraction
 i - 3 potions of curing
 l - 3 potions of heal wounds
 p - 2 potions of ambrosia
 t - a potion of brilliance
 z - a potion of flight
 A - 4 potions of haste
 F - a potion of might
 G - a potion of resistance


   Skills:
 + Level 4.3(5.3) Fighting
 + Level 7.6 Dodging
 - Level 2.4 Stealth
 - Level 5.0(5.9) Spellcasting
 + Level 9.5(11.0) Summonings


You had 5 spell levels left.
You knew the following spells:

 Your Spells              Type           Power      Damage    Failure   Level
a - Summon Small Mammal   Summ           100%       N/A       1%          1
b - Call Imp              Summ           55%        N/A       1%          2
c - Summon Lightning Spi  Summ/Air       32%        N/A       9%          4
d - Shadow Creatures      Summ           N/A        N/A       14%         6

Your spell library contained the following spells:

 Spells                   Type           Power      Damage    Failure   Level
 Call Canine Familiar     Summ           55%        N/A       1%          3
 Summon Guardian Golem    Hex/Summ       32%        N/A       2%          3
 Animate Skeleton         Necr           14%        N/A       8%          1
 Pain                     Necr           28%        1d5       8%          1
 Ensorcelled Hibernation  Hex/Ice        12%        N/A       13%         2
 Vampiric Draining        Necr           3%         2d6       24%         3
 Spider Form              Tmut/Pois      3%         N/A       26%         3
 Fulminant Prism          Conj/Hex       3%         3d6       65%         4
 Iskenderun's Mystic Bla  Conj/Tloc      6%         2d4       65%         4
 Lee's Rapid Deconstruct  Erth           3%         3d6*      94%         5


Dungeon Overview and Level Annotations

Branches:
Dungeon (8/15)             Temple (1/1) D:4
   Lair: D:8-11

Altars:
Ashenzari
Cheibriados
Dithmenos
Elyvilon
Fedhas
Gozag
Kikubaaqudgha
Makhleb
Nemelex Xobeh
Okawaru
Ru
Sif Muna
Trog
Uskayaw
Vehumet
Wu Jian
Xom
Zin
The Shining One

Shops:
D:4 :   D:7 =[*(

Annotations:
D:2 Natasha


Message History

The will-o-the-wisp conjures some foxfire!
A starcursed mass splits.
A chorus of shrieks assaults your mind.
A foxfire comes into view.
As you read the scroll of teleportation, it crumbles to dust.
You feel strangely unstable.
You feel the power of the Abyss delaying your translocation!
A starcursed mass splits.
The foxfire hits you! A chorus of shrieks assaults your mind.
* * * LOW HITPOINT WARNING * * *
A starcursed mass splits.
The will-o-the-wisp gestures.
The will-o-the-wisp conjures some foxfire!
You have a vision of a gate.
A foxfire comes into view.
A starcursed mass splits.
A starcursed mass splits.
A starcursed mass splits.
A deafening chorus of shrieks assaults your mind!
* * * LOW HITPOINT WARNING * * *
You suddenly lose the ability to move!
You can move again.
A starcursed mass splits.
You are suddenly pulled into a different region of the Abyss!
Found a gateway leading deeper into the Abyss.
There is a gateway leading deeper into the Abyss here.
You start resting.
A shadow comes into view.
You plunge deeper into the Abyss.
The abyssal rune of Zot can be found at this depth.
You start resting.
A wretched star assembles itself!
As you read the scroll of teleportation, it crumbles to dust.
You feel strangely unstable.
You feel the power of the Abyss delaying your translocation!
The wretched star glows turbulently.
The lance of force hits you!!
Ouch! That really hurt!
You die...

.... ... .... ..
> .... .. .# ...
. ..# ##.##. .#./
.#.##...####.....
...#.............
#.....*..@.......
...#..........##.
#.........#..#
#.............
#.......##...#
#.....##.....#
..#.###.......#
#..# #...#.#..


You could see a wretched star.

Vanquished Creatures
  A bullfrog (D:4)
  A wyvern skeleton (D:7)
  2 water moccasin zombies
  2 scorpions
  2 centaur zombies
  A hound (D:5)
  2 centaur skeletons (D:6)
  6 orc wizards
  A hound zombie (D:4)
  A howler monkey zombie (D:6)
  A howler monkey skeleton (D:7)
  2 adders
  A white imp (D:6)
  An ufetubus (D:5)
  An adder zombie (D:4)
  An adder skeleton (D:4)
  A dart slug (D:4)
  5 orcs
  4 ball pythons
  3 endoplasms
  3 hobgoblins
  3 kobolds
  A quokka (D:2)
  2 bats (D:2)
  2 goblins
  A rat (D:3)
51 creatures vanquished.

Vanquished Creatures (collateral kills)
  A hornet (D:7)
  A shadow (D:7)
  3 water moccasins
  An orc warrior (D:7)
  A sky beast (D:7)
  2 ice beasts
  A black bear (D:6)
  3 necrophages
  2 ogres (D:5)
  A phantom (D:4)
  A wyvern zombie (D:7)
  A scorpion (D:5)
  A water moccasin skeleton (D:4)
  A jelly (D:7)
  A centaur skeleton (D:4)
  3 orc priests (D:6)
  A bullfrog skeleton (D:4)
  An iron imp (D:5)
  3 iguanas
  3 orc wizards
  4 scorpion zombies (D:4)
  A killer bee zombie (D:7)
  A hound skeleton (D:4)
  2 adders (D:3)
  3 gnolls (D:4)
  An adder skeleton (D:4)
  An adder zombie (D:4)
  A worm (D:3)
  3 dart slugs
  21 orcs
  2 bats (D:1)
  4 goblins
  A hobgoblin (D:1)
  4 jackals (D:1)
  A quokka (D:3)
  A ball python (D:3)
  A frilled lizard (D:1)
  5 kobolds
  A rat (D:1)
90 creatures vanquished.

Vanquished Creatures (others)
  4 foxfires (Abyss:2)
  A fungus (D:1)
  A plant (D:1)
  4 withered plants (D:4)
10 creatures vanquished.

Grand Total: 151 creatures vanquished

Notes
Turn   | Place    | Note
-------+----------+-------------------------------------------
     0 | D:1      | Strat the Deep Elf Summoner began the quest for the Orb.
     0 | D:1      | Reached XP level 1. HP: 10/10 MP: 6/6
   315 | D:1      | Found a faded altar of an unknown god.
   967 | D:1      | Reached XP level 2. HP: 8/16 MP: 4/8
   977 | D:1      | Reached skill level 1 in Fighting
  2141 | D:2      | Learned a level 2 spell: Call Imp
  2453 | D:2      | Noticed Natasha
  3194 | D:3      | Reached skill level 5 in Summonings
  3194 | D:3      | Reached XP level 3. HP: 20/20 MP: 6/9
  4007 | D:4      | Reached XP level 4. HP: 17/26 MP: 5/11
  4145 | D:4      | Noticed a bullfrog
  4155 | D:4      | Killed a bullfrog
  4156 | D:4      | Reached XP level 5. HP: 30/30 MP: 8/13
  4320 | D:4      | Reached skill level 6 in Summonings
  4380 | D:4      | Noticed a phantom
  4412 | D:4      | Killed a phantom
  4621 | D:4      | Reached XP level 6. HP: 31/35 MP: 10/14
  4662 | D:4      | Learned a level 4 spell: Summon Lightning Spire
  5005 | D:4      | Found Rauzim's Book Shop.
  5206 | D:4      | Found a staircase to the Ecumenical Temple.
  5257 | Temple   | Entered the Ecumenical Temple
  5466 | Temple   | Became a worshipper of Ashenzari the Shackled
  5611 | D:4      | Reached skill level 7 in Summonings
  5645 | D:5      | Entered Level 5 of the Dungeon
  5842 | D:5      | Reached skill level 5 in Dodging
  5953 | D:5      | Reached XP level 7. HP: 12/40 MP: 3/15
  6201 | D:5      | Found a hide-covered altar of Uskayaw.
  6306 | D:5      | Learned a level 6 spell: Shadow Creatures
  6602 | D:5      | Found a snail-covered altar of Cheibriados.
  6616 | D:5      | Reached skill level 8 in Summonings
  7496 | D:6      | Reached skill level 5 in Spellcasting
  7511 | D:6      | Found an ornate altar of the Wu Jian Council.
  7539 | D:6      | Found an ancient bone altar of Kikubaaqudgha.
  7547 | D:6      | Reached XP level 8. HP: 45/45 MP: 13/17
  8376 | D:7      | Found Maadoeta's Assorted Antiques.
  8471 | D:7      | Noticed a hornet
  8501 | D:7      | Killed a hornet
  8572 | D:7      | Reached skill level 9 in Summonings
  8662 | D:7      | Found Jepuemn's Jewellery Boutique.
  8709 | D:7      | Found Posh's Antique Armour Shop.
  9389 | D:7      | Found a blossoming altar of Fedhas.
  9401 | D:7      | Found Qaotoq's Weapon Shoppe.
  9686 | D:8      | Found a radiant altar of Vehumet.
  9890 | D:8      | Noticed a wizard
  9891 | D:8      | Cast into level 2 of the Abyss (a wizard)
  9904 | Abyss:2  | Reached * piety under Ashenzari
  9956 | Abyss:2  | Noticed a starcursed mass
  9957 | Abyss:2  | Noticed a will-o-the-wisp
  9967 | Abyss:2  | Paralysed by accursed screaming for 1 turns
 10013 | Abyss:3  | Noticed a wretched star
 10015 | Abyss:3  | Killed from afar by a wretched star

Illustrated notes

Levels and vault maps discovered:
D:1:      dpeg_arrival_round_c, layout_loops_ring,
          shapermc_ecumenical_altar_acropolis
D:2:      layout_loops_corners, uniq_natasha
D:3:      layout_basic
D:4:      layout_cave_pools, temple_green, serial_undead, serial_undead_b,
          serial_undead_d, serial_undead_f, serial_undead_b, serial_undead_c,
          serial_undead_c, serial_undead_f, serial_shops,
          nicolae_shop_window_shopping, kennysheep_generic_room_4
D:5:      layout_basic, nicolae_uskayaw_suspiria, slow_altar_1
D:6:      layout_basic, lemuel_doored_altar, lemuel_round_altar, st_stairs_12
D:7:      layout_gridville, nicolae_overflow_crystal_walls, serial_shops,
          nicolae_stop_n_shop_2, nicolae_shop_statue_plus, shop_fountains,
          nicolae_take_the_stairs, minmay_misc_feat_five, st_stairs_9
D:8:      cheibrodos_wizards_tower, layout_basic, vehumet_crystals, special_room
          [special_room_kobold]
Temple:   nicolae_temple_god_jail
Abyss:3:  base:
D:4

Skill      XL: |  1  2  3  4  5  6  7  8 |
---------------+-------------------------+-----
Fighting       | 1 2 4 |  4.3
Summonings     | 5 6 7 8 9 |  9.5
Spellcasting   | 4 5 |  5.0
Dodging        | 3 5 7 |  7.6
Stealth        | |  2.4

Action                   |  1- 3 |  4- 6 |  7- 9 || total
-------------------------+-------+-------+-------++-------
Melee: Dagger            |    88 |   131 |    49 ||   268
       Unarmed           |     1 |       |       ||     1
       Morningstar       |       |     8 |    96 ||   104
 Cast: Summon Small Mamm |    36 |       |       ||    36
       Call Imp          |    10 |    52 |    90 ||   152
       Summon Lightning  |       |       |    12 ||    12
Invok: Curse Item        |       |       |     2 ||     2
  Use: Scroll            |       |       |     2 ||     2
 Stab: Sleeping          |     1 |     1 |       ||     2
       Distracted        |     1 |     1 |     5 ||     7
Armor: Leather armour    |    24 |       |       ||    24
       Robe              |     1 |       |    85 ||    86
       Ring mail         |    22 |   102 |     3 ||   127
Dodge: Dodged            |    60 |    70 |   103 ||   233

Table legend: (Time is in decaauts)
 A = Elapsed time spent in this place.
 B = Non-inter-level travel time spent in this place.
 C = Inter-level travel time spent in this place.
 D = Time resting spent in this place.
 E = Time spent auto-exploring this place.
 F = Levels seen in this place.
 G = Mean time per level.
                   A        B        C        D        E       F      G
               +--------+--------+--------+--------+--------+-----+--------+
         Total |  10057 |   9863 |    194 |   1624 |   5957 |  11 |  914.3 |
       Dungeon |   9712 |   9549 |    163 |   1515 |   5944 |   8 | 1214.0 |
        Temple |    221 |    190 |     31 |     71 |     13 |   1 |  221.0 |
         Abyss |    123 |    123 |      0 |     38 |      0 |   2 |   61.5 |
               +--------+--------+--------+--------+--------+-----+--------+

Top non-repeatable levels by time:
     D:1: 2122 daAuts
     D:7: 1585 daAuts
     D:4: 1439 daAuts
     D:5: 1403 daAuts
     D:6: 1043 daAuts
     D:2: 992 daAuts
     D:3: 870 daAuts
     D:8: 253 daAuts
  Temple: 221 daAuts
 Abyss:2: 110 daAuts
 Abyss:3: 12 daAuts
